 Dungeon Crawl Stone Soup version 0.30-a0-857-gcaf70739d4 (webtiles) character file.

Game seed: 9252514623612019284

1707 Firecrotchwizard the Trooper (level 9, -23/68 HPs)
             Began as a Djinni Fire Elementalist on Mar 6, 2023.
             Was an Initiate of Makhleb.
             Annihilated by a white ugly thing (45 damage)
             ... on level 6 of the Dungeon.
             The game lasted 00:14:45 (5273 turns).

Firecrotchwizard the Trooper (DjFE)                 Turns: 5273, Time: 00:14:45

Health: -23/68     AC:  9    Str:  9    XL:     9   Next: 23%
Gold:   251        EV: 11    Int: 20    God:    Makhleb [......] SH:  0 Dex: 13

rFire   + + +      SeeInvis .    v - +2 whip (elec)
rCold   x . .      Faith    .    (no shield)
rNeg    . . .      Spirit   .    l - +3 leather armour {Will+}
rPois   ∞          Reflect  .    (no helmet)
rElec   .          Rampage  .    o - +1 cloak
rCorr   .                        b - +0 pair of gloves
Will    ++...                    (boots unavailable)
Stlth   ++                       (no amulet)
HPRegen 0.31/turn                F - ring of protection from fire {rF+, !d}
MPRegen 0.00/turn                j - ring of Perfectionism {Will+ Slay+4}

@: flying
A: sickness immunity, fire resistance 2, cold vulnerability 1, float, innate
caster, HP casting, extra vitality 1
a: Renounce Religion


You were on level 6 of the Dungeon.
You worshipped Makhleb.
Makhleb was noncommittal.
You visited 2 branches of the dungeon, and saw 7 of its levels.

You collected 318 gold pieces.
You spent 67 gold pieces at shops.

Inventory:

Hand Weapons
 d - a +0 dagger
   (You took it off a kobold on level 1 of the Dungeon)
 v - a +2 whip of electrocution (weapon)
   (You took it off Pikel on level 5 of the Dungeon)
 w - a +1 dagger of venom
   (You took it off an orc wizard on level 5 of the Dungeon)
Missiles
 e - 6 atropa-tipped darts
 s - 58 stones (quivered)
 x - 15 poisoned darts
Armour
 a - a +0 robe
 b - a +0 pair of gloves (worn)
   (You found it on level 4 of the Dungeon)
 l - a +3 leather armour of willpower (worn)
   (You took it off Duvessa on level 4 of the Dungeon)
 n - a +0 helmet
   (You took it off Robin on level 4 of the Dungeon)
 o - a +1 cloak (worn)
   (You bought it in a shop on level 2 of the Dungeon)
Magical Staves
 k - a staff of poison {rPois}
   (You found it on level 5 of the Dungeon)
Jewellery
 c - a ring of ice {rC+, rF-}
   (You found it on level 2 of the Dungeon)
 g - an amulet of magic regeneration
   (You found it on level 4 of the Dungeon)
 j - the ring of Perfectionism (right hand) {Will+ Slay+4}
   (You took it off Dowan on level 4 of the Dungeon)

   [ring of slaying]

   Slay:      It affects your accuracy & damage with ranged weapons and melee
   (+4).
   Will:      It increases your willpower.
 F - a ring of protection from fire (left hand) {rF+, !d}
   (You found it on level 1 of the Dungeon)
Wands
 h - a wand of acid (9)
   (You found it on level 5 of the Dungeon)
 q - a wand of flame (10)
   (You found it on level 2 of the Dungeon)
Scrolls
 p - a scroll of enchant weapon
 r - a scroll of fog
 E - 3 scrolls of fear
 K - 5 scrolls of immolation {!r}
 Y - 2 scrolls of teleportation {@r3}
Potions
 f - a potion of resistance {unknown}
 i - 2 potions of curing {unknown}
 m - a potion of flight {unknown}
 t - a potion of mutation {unknown}
 u - a potion of attraction {unknown}
 H - 3 potions of haste
 N - 3 potions of heal wounds {@q2}


   Skills:
 + Level 7.1 Fighting
 - Level 2.1 Dodging
 - Level 1.5 Stealth
 + Level 6.0 Spellcasting
 + Level 4.3 Invocations


You knew the following spells:

 Your Spells              Type           Power      Damage    Failure   Level
a - Foxfire               Conj/Fire      100%       2x1d9     1%          1
b - Scorch                Fire           60%        2d8       1%          2
c - Kindle Blastsparks    Fire/Tloc/Air  60%        2d15      3%          3
d - Inner Flame           Hex/Fire       30%        N/A       3%          3
e - Flame Wave            Conj/Fire      30%        2d9       12%         4
f - Sandblast             Erth           60%        2d14      1%          1
g - Poisonous Vapours     Pois/Air       60%        N/A       1%          2
s - Swiftness             Air            30%        N/A       3%          3
x - Iskenderun's Mystic   Conj/Tloc      30%        2d8       12%         4
Your spell library was empty.

Dungeon Overview and Level Annotations

Branches:
Dungeon (6/15)             Temple (1/1) D:4

Altars:
Dithmenos
Elyvilon
Fedhas
Gozag
Makhleb
Nemelex Xobeh
Okawaru
Qazlal
Trog
Uskayaw
Zin
The Shining One

Shops:
D:2 [?[!


Innate Abilities, Weirdness & Mutations

You are immune to sickness and miasma.
You are immune to poison.
Your flesh is very heat resistant. (rF++)
You are vulnerable to cold. (rC-)
You float through the air rather than walking.
You learn spells naturally, not from books.
Your magical power is your life essence.
You have superior vitality. (+4 MHP)


Message History

You take 1 damage, and have 49/67 hp.
You start resting.
Your magical contamination has completely faded away.
You see here a +0 halberd.
You see here a +0 flail.
There is an open door here.
Things that are here:
a +0 flail; a gnoll corpse You now have 236 gold pieces (gained 9).
y - a scroll of identify {@r1} Health restored: 67
As you read the scroll of identify {@r1}, it crumbles to dust.
k - 2 potions of haste;
H - 2 potions of haste
Found a stone staircase leading down.
A phantom is nearby!
You conjure some foxfire!
You conjure some foxfire!
The foxfire hits the phantom!
You take 1 damage, and have 66/67 hp.
You conjure some foxfire!
The foxfire hits the phantom.
The foxfire hits the phantom!
The foxfire hits the phantom.
You take 1 damage, and have 65/67 hp.
You conjure some foxfire!
The foxfire hits the phantom.
You destroy the phantom!
Makhleb accepts your kill.
Your Fighting skill increases to level 7!
Your Spellcasting skill increases to level 6!
k - a staff of poison {rPois} Health restored: 68 You see here a +0 robe.
You see here a book of Misfortune.
You reach down and open the door.
There is an open door here.
A scorpion comes into view.
You conjure some foxfire!
You conjure some foxfire!
You take 1 damage, and have 67/68 hp.
You conjure some foxfire!
The foxfire hits the scorpion.
The foxfire hits the scorpion!
The foxfire hits the scorpion but does no damage.
You take 1 damage, and have 66/68 hp.
You hit the scorpion.
The foxfire hits the scorpion. x2
You kill the scorpion!
Makhleb accepts your kill.
You see here a scorpion corpse.
H - 3 potions of haste (gained 1)
There is a stone staircase leading up here.
There is an open door here.
Things that are here:
a +0 flail; a gnoll skeleton Done exploring.
Health restored: 68 Done exploring.
(D) Dungeon (T) Temple
Where to? (Enter - D:5, ? - help)
There is a stone staircase leading down here.
You fly downwards.
You hear the hiss of flowing sand.
There is an entrance to an ossuary on this level.
Hurry and find it before the portal is buried!
The orc shouts!
There is a stone staircase leading up here.
You conjure some foxfire!
You conjure some foxfire!
The foxfire hits the orc.
The foxfire hits the orc!
You kill the orc!
Makhleb accepts your kill.
You take 1 damage, and have 67/68 hp.
You conjure some foxfire!
You take 1 damage, and have 66/68 hp.
You now have 244 gold pieces (gained 8).
Found a stone staircase leading down.
Unknown command.
Health restored: 68
s - 58 stones (gained 8)
You now have 251 gold pieces (gained 7).
A white ugly thing comes into view.
You conjure some foxfire!
The white ugly thing gurgles horribly!
You can't see any susceptible monsters within range! (Use Z to cast anyway.) Unknown command.
You conjure some foxfire!
You take 1 damage, and have 67/68 hp.
Flames lash the white ugly thing.
The white ugly thing's fire resistance burns away.
The foxfire hits the white ugly thing!
The white ugly thing is burned terribly!
The foxfire hits the white ugly thing.
The white ugly thing is burned terribly!
You take 2 damage, and have 65/68 hp.
You conjure some foxfire!
The white ugly thing headbutts you! The white ugly thing freezes you!!
You feel a terrible chill!
You take 40 damage, and have 25/68 hp.
MASSIVE DAMAGE!!
Flames lash the white ugly thing.
The white ugly thing is burned terribly!
The foxfire hits the white ugly thing but does no damage.
The foxfire hits the white ugly thing.
The white ugly thing headbutts you. The white ugly thing freezes you!!!
You feel a terrible chill!
Ouch! That really hurt!
You die...

#...<...#.# .# #
.).......###.##..#
#........##..##..#
###..............###
#.).##...........##
###.#####.###.....##
#.#####.##.......#
#...........§....#
#########...@.>..#
#.#.u...## #.##...##
#.###...# #.# ###.#
#.# ...# #.# .....#
#. u......#
.........#


You could see a white ugly thing (combustible).

Vanquished Creatures
  Pikel (D:5)
  Eustachio (D:5)
  Duvessa (D:4)
  2 phantoms (D:5)
  A lemure (D:5)
  2 gnoll sergeants
  3 scorpions
  Dowan (D:4)
  A hound (D:4)
  A gnoll bouda (D:5)
  An orc priest (D:4)
  An orc wizard (D:5)
  Natasha (thrice) (D:2)
  An iguana (D:5)
  Robin (D:4)
  9 adders
  15 gnolls
  A shadow imp (D:5)
  An ufetubus (D:5)
  2 worms (D:2)
  4 dart slugs
  3 orcs
  5 bats
  4 endoplasms
  A giant cockroach (D:2)
  18 goblins
  10 hobgoblins
  3 jackals (D:4)
  3 quokkas
  7 ball pythons
  2 frilled lizards
  5 kobolds
  5 rats
119 creatures vanquished.

Vanquished Creatures (others)
  329 foxfires
329 creatures vanquished.

Grand Total: 448 creatures vanquished

Notes
Turn   | Place    | Note
-------+----------+-------------------------------------------
     0 | D:1      | Firecrotchwizard the Djinni Fire Elementalist began the
                  | quest for the Orb.
     0 | D:1      | Firecrotchwizard set off with the following spells
                  | memorised: Foxfire, Scorch, Kindle Blastsparks, Inner
                  | Flame, Flame Wave.
     0 | D:1      | Reached XP level 1. HP: 15/15 MP: 0/0
   203 | D:1      | Reached XP level 2. HP: 19/22 MP: 0/0
   258 | D:1      | Reached skill level 1 in Fighting
   376 | D:1      | Found a faded altar of an unknown god.
   495 | D:1      | Reached XP level 3. HP: 26/27 MP: 0/0
   495 | D:1      | Learned a level 1 spell: Sandblast
   840 | D:2      | Found Ujutoemo's Distillery.
   951 | D:2      | Found Oxutinaq's Magic Scroll Boutique.
  1011 | D:2      | Reached skill level 2 in Fighting
  1011 | D:2      | Reached skill level 3 in Spellcasting
  1029 | D:2      | Reached XP level 4. HP: 32/33 MP: 0/0
  1131 | D:2      | Found Qaehoext's Antique Armour Shop.
  1134 | D:2      | Bought a cloak for 67 gold pieces
  1391 | D:2      | Found Pizegae's Armour Shoppe.
  1493 | D:2      | Noticed Natasha
  1498 | D:2      | Killed Natasha
  1499 | D:2      | Reached skill level 3 in Fighting
  1499 | D:2      | Reached XP level 5. HP: 29/40 MP: 0/0
  1499 | D:2      | Learned a level 2 spell: Poisonous Vapours
  1658 | D:2      | Noticed Natasha
  1662 | D:2      | Killed Natasha
  1836 | D:2      | Noticed Natasha
  1841 | D:2      | Killed Natasha
  1958 | D:3      | Found a blossoming altar of Fedhas.
  2067 | D:3      | Reached XP level 6. HP: 46/46 MP: 0/0
  2181 | D:3      | Found a white marble altar of Elyvilon.
  2464 | D:4      | Reached skill level 4 in Fighting
  2464 | D:4      | Reached skill level 4 in Spellcasting
  2680 | D:4      | Reached XP level 7. HP: 12/53 MP: 0/0
  2680 | D:4      | Learned a level 3 spell: Swiftness
  2914 | D:4      | Found an opulent altar of Gozag.
  2930 | D:4      | Noticed Duvessa
  3182 | D:4      | Identified the ring of Perfectionism {Will+ Slay+4}
  3182 | D:4      | Noticed Dowan
  3186 | D:4      | Killed Duvessa
  3187 | D:4      | Reached skill level 5 in Fighting
  3190 | D:4      | Killed Dowan
  3519 | D:4      | Noticed Robin
  3527 | D:4      | Killed Robin
  3580 | D:4      | Found a staircase to the Ecumenical Temple.
  3587 | Temple   | Entered the Ecumenical Temple
  3756 | Temple   | Became a worshipper of Makhleb the Destroyer
  3977 | D:5      | Entered Level 5 of the Dungeon
  3988 | D:4      | Reached skill level 5 in Spellcasting
  3988 | D:4      | Reached skill level 1 in Invocations
  3988 | D:4      | Reached XP level 8. HP: 34/60 MP: 0/0
  4134 | D:5      | Found a shadowy altar of Dithmenos.
  4462 | D:5      | Noticed Eustachio
  4469 | D:5      | Killed Eustachio
  4470 | D:5      | Reached skill level 2 in Invocations
  4499 | D:5      | Reached skill level 6 in Fighting
  4514 | D:5      | Noticed Pikel
  4535 | D:5      | Killed Pikel
  4536 | D:5      | Reached skill level 3 in Invocations
  4536 | D:5      | Reached XP level 9. HP: 21/67 MP: 0/0
  4536 | D:5      | Learned a level 4 spell: Iskenderun's Mystic Blast
  4805 | D:5      | Reached skill level 4 in Invocations
  4889 | D:5      | Reached skill level 7 in Fighting
  4889 | D:5      | Reached skill level 6 in Spellcasting
  5265 | D:6      | Noticed a white ugly thing
  5273 | D:6      | Annihilated by a white ugly thing

Illustrated notes

Levels and vault maps discovered:
D:1:      onia_arrival_mini_spirals, layout_basic,
          dreamdust_ecumenical_altar_angels_and_demons
D:2:      minmay_chambers_of_ones, layout_basic, serial_shops, shop,
          nicolae_shop_hallway_stairs, nicolae_shop_behind_doors,
          nicolae_lakefront_shop, uniq_natasha
D:3:      layout_loops_ring, mainiacjoe_overflow_brackets,
          mainiacjoe_overflow_chevrons
D:4:      layout_basic, grunt_gozag_breadcrumbs, minmay_temple_entry_junction,
          grunt_decor_mini_mirrors, nicolae_concentric_dashed_squares_mild,
          lightli_minifort, uniq_robin, uniq_duvessa
D:5:      layout_basic, grunt_dithmenos_shadows, uniq_pikel, uniq_eustachio
D:6:      layout_loops_ring, enter_ossuary_1
Temple:   minmay_temple_curvy_branch

Skill      XL: |  1  2  3  4  5  6  7  8  9 |
---------------+----------------------------+-----
Fighting       | 1 2 3 4 5 6 7 |  7.1
Spellcasting   | 3 4 5 6 |  6.0
Invocations    | 1 3 4 |  4.3
Dodging        | |  2.1
Stealth        | |  1.5

Action                     |  1- 3 |  4- 6 |  7- 9 || total
---------------------------+-------+-------+-------++-------
  Melee: Unarmed           |     4 |       |       ||     4
         Dagger            |     4 |     1 |     9 ||    14
         Punch             |       |       |     1 ||     1
         Whip              |       |       |     3 ||     3
  Throw: Stone             |       |       |     4 ||     4
   Cast: Foxfire           |    34 |    50 |   107 ||   191
         Sandblast         |    12 |    25 |     3 ||    40
         Scorch            |       |     5 |    22 ||    27
         Kindle Blastspark |       |       |     4 ||     4
    Use: Scroll            |       |     6 |     8 ||    14
 Armour: Robe              |     4 |       |       ||     4
         Leather armour    |       |       |    12 ||    12
  Dodge: Dodged            |     3 |    12 |    24 ||    39

Table legend: (Time is in decaauts)
 A = Elapsed time spent in this place.
 B = Non-inter-level travel time spent in this place.
 C = Inter-level travel time spent in this place.
 D = Time resting spent in this place.
 E = Time spent auto-exploring this place.
 F = Levels seen in this place.
 G = Mean time per level.
                   A        B        C        D        E       F      G
               +--------+--------+--------+--------+--------+-----+--------+
         Total |   5293 |   5072 |    221 |    750 |   3497 |   7 |  756.1 |
       Dungeon |   5101 |   4902 |    199 |    750 |   3335 |   6 |  850.2 |
        Temple |    191 |    169 |     22 |      0 |    162 |   1 |  191.0 |
               +--------+--------+--------+--------+--------+-----+--------+

Top non-repeatable levels by time:
     D:4: 1294 daAuts
     D:5: 1158 daAuts
     D:2: 1061 daAuts
     D:1: 808 daAuts
     D:3: 731 daAuts
  Temple: 191 daAuts
     D:6: 46 daAuts

Table legend:
 A = Kills in this place as a percentage of kills in the entire game.
 B = Kills by you in this place as a percentage of kills by you in the entire game.
 C = Kills by friends in this place as a percentage of kills by friends in the entire game.
 D = Other kills in this place as a percentage of other kills in the entire game.
 E = Experience gained in this place as a percentage of experience gained in the entire game.
 F = Experience gained in this place divided by the number of levels of this place that you have seen.
                   A       B       C       D       E      F
               +-------+-------+-------+-------+-------+----------------------
         Total | 100.0 | 100.0 |   N/A |   N/A | 100.0 | 348.4
       Dungeon | 100.0 | 100.0 |   N/A |   N/A | 100.0 | 406.5
               +-------+-------+-------+-------+-------+----------------------
